 Dungeon Crawl Stone Soup version 0.32-a0-933-ga8fa3634e4 (webtiles) character file.

Game seed: 8352570997672804230

78 Heh the Slasher (level 4, -1/52 HPs)
             Began as a Coglin Berserker on Apr 14, 2024.
             Was a Believer of Trog.
             Slain by Grinder (7 damage)
             ... on level 3 of the Dungeon.
             The game lasted 00:01:40 (2082 turns).

Heh the Slasher (Coglin Berserker)                  Turns: 2082, Time: 00:01:40

Health: -1/52      AC:  4    Str: 18    XL:     4   Next: 36%
Magic:  4/4        EV: 11    Int:  6    God:    Trog [**....]
Gold:   114        SH:  0    Dex: 15    Spells: 3/3 levels left

rFire   . . .        a - +0 falchion {Solveig}
rCold   . . .        t - +0 dagger (speed) {Wira}
rNeg    . . .        i - +0 leather armour
rPois   .            (no helmet)
rElec   .            (no cloak)
rCorr   .            (no gloves)
SInv    .            s - +0 pair of boots
Will    .....        (amulet unavailable) Stlth
                     (ring unavailable)
HPRegen 0.28/turn    (ring unavailable)
MPRegen 0.09/turn    (no gizmo)

%: no passive effects
@: berserking, revved, very quick
A: off-hand wielding, slow wielding, warmup strikes, no jewellery
a: Invent Gizmo, Renounce Religion, Berserk, Trog's Hand


You were on level 3 of the Dungeon.
You worshipped Trog.
Trog was pleased with you.
You visited 1 branch of the dungeon, and saw 3 of its levels.

You collected 114 gold pieces.

Inventory:

Hand Weapons
 a - a +0 falchion (weapon) {Solveig}
 c - a +0 dagger {Shu}
 r - a +0 short sword {Ferran}
 t - a +0 dagger of speed (offhand) {Wira}
Armour
 b - a +0 animal skin
 i - a +0 leather armour (worn)
 s - a +0 pair of boots (worn)
Magical Staves
 w - a staff of air
Wands
 u - a wand of roots (7)
 v - a wand of mindburst (21)
Scrolls
 d - a scroll of brand weapon {unknown}
 f - a scroll of torment {unknown}
 g - a scroll of enchant weapon {unknown}
 h - 4 scrolls of identify {unknown}
 j - a scroll of fog {unknown}
 l - a scroll of teleportation {unknown}
 o - 2 scrolls of noise {unknown}
Potions
 e - 2 potions of curing {unknown}
 k - a potion of degeneration {unknown}
 m - a potion of might {unknown}
 n - a potion of enlightenment {unknown}
 p - a potion of brilliance {unknown}
 q - a potion of cancellation {unknown}


   Skills:
 - Level 3.0 Fighting
 + Level 5.0 Long Blades
 - Level 1.7 Armour
 - Level 1.7 Dodging


You had 3 spell levels left.
You didn't know any spells.
Your spell library was empty.

Dungeon Overview and Level Annotations

Branches:
Dungeon (3/15)

Altars:
Xom

Annotations:
D:3 Grinder


Innate Abilities, Weirdness & Mutations

You can wield a second weapon in your off-hand.
It takes a long time for you to wield or remove held weapons.
Your first few attacks do less damage.
You cannot equip rings or amulets.


Message History

Grinder comes into view.
Grinder shouts!
Grinder gestures at you.
You suddenly lose the ability to move!
You can move again.
You hit Grinder but do no damage. x2
Grinder gestures at you.
You barely resist.
You hit Grinder but do no damage. x2; Grinder completely misses you.
You barely miss Grinder with your +0 dagger of speed.
You hit Grinder with your +0 falchion. Grinder hits you!
You closely miss Grinder with your +0 falchion.
Grinder is lightly wounded.
You hit Grinder but do no damage.
You barely miss Grinder with your +0 falchion.
Grinder is lightly wounded.
You closely miss Grinder with your +0 dagger of speed.
Grinder hits you!
You writhe in agony.
You are too injured to fight recklessly!
You are too injured to fight recklessly!
Okay, then.
A red film seems to cover your vision as you go berserk!
You feel yourself moving faster!
You feel mighty! Grinder hits you but does no damage.
You slash Grinder with your +0 falchion!
Grinder is moderately wounded.
You closely miss Grinder with your +0 dagger of speed.
Grinder hits you!
* * * LOW HITPOINT WARNING * * *
You writhe in agony.
* * * LOW HITPOINT WARNING * * *
You closely miss Grinder with your +0 falchion.
Grinder is moderately wounded.
You barely miss Grinder with your +0 dagger of speed.
You puncture Grinder with your +0 dagger of speed!
Grinder is heavily wounded.
You barely miss Grinder with your +0 falchion.
Grinder hits you!
You die...
Grinder says, "Hey, I wasn't done torturing you yet!"

..######.###.########.#.#
#.# #... .. .
###.######## ##
#........... #........###
#........# #........#
#........# #....@...#
#....5...# #........#
#........# #........#
#........# #........#
#........#


You could see Grinder.

Vanquished Creatures
  2 adders (D:2)
  A gnoll (D:1)
  A white imp (D:3)
  3 dart slugs
  3 endoplasms
  2 giant cockroaches
  4 goblins (D:2)
  A hobgoblin (D:2)
  2 jackals (D:1)
  A quokka (D:1)
  3 ball pythons
  4 bats
  2 frilled lizards
  6 kobolds
  4 rats
39 creatures vanquished.

Notes
Turn   | Place    | Note
-------+----------+-------------------------------------------
     0 | D:1      | Heh the Coglin Berserker began the quest for the Orb.
     0 | D:1      | Reached XP level 1. HP: 18/18 MP: 1/1
   163 | D:1      | Reached XP level 2. HP: 23/24 MP: 2/2
   240 | D:1      | Reached skill level 4 in Long Blades
   285 | D:1      | Reached XP level 3. HP: 29/29 MP: 3/3
  1162 | D:2      | Reached ** piety under Trog
  1545 | D:2      | Found a shimmering altar of Xom.
  1620 | D:2      | Reached XP level 4. HP: 35/35 MP: 4/4
  2043 | D:3      | Reached skill level 5 in Long Blades
  2069 | D:3      | Noticed Grinder
  2072 | D:3      | Paralysed by Grinder for 2 turns
  2082 | D:3      | Slain by Grinder

Illustrated notes

Levels and vault maps discovered:
D:1:      dpeg_arrival_fog, layout_loops_ring, dreamdust_mushroom_princess
D:2:      layout_basic, basic_altar, minmay_pentomino_w4
D:3:      layout_basic, nicolae_vehumet_altar_sigil, uniq_sigmund, uniq_robin,
          uniq_grinder, uniq_terence

Skill      XL: |  1  2  3  4 |
---------------+-------------+-----
Long Blades    | 4 5 |  5.0
Fighting       | |  3.0
Armour         | |  1.7
Dodging        | |  1.7

Action                     |  1- 3 |  4- 6 || total
---------------------------+-------+-------++-------
  Melee: Falchion          |    57 |    26 ||    83
         Dagger            |    50 |    21 ||    71
         Short sword       |     3 |     1 ||     4
 Invoke: Berserk           |       |     1 ||     1
   Stab: Sleeping          |     2 |     2 ||     4
 Armour: Animal skin       |    14 |       ||    14
         Leather armour    |     9 |    17 ||    26
  Dodge: Dodged            |    32 |     6 ||    38

Table legend: (Time is in decaauts)
 A = Elapsed time spent in this place.
 B = Non-inter-level travel time spent in this place.
 C = Inter-level travel time spent in this place.
 D = Time resting spent in this place.
 E = Time spent auto-exploring this place.
 F = Levels seen in this place.
 G = Mean time per level.
                   A        B        C        D        E       F      G
               +--------+--------+--------+--------+--------+-----+--------+
         Total |   2076 |   1971 |    105 |      0 |   1691 |   3 |  692.0 |
       Dungeon |   2076 |   1971 |    105 |      0 |   1691 |   3 |  692.0 |
               +--------+--------+--------+--------+--------+-----+--------+

Top non-repeatable levels by time:
     D:2: 1068 daAuts
     D:1: 967 daAuts
     D:3: 40 daAuts
